 Dungeon Crawl Stone Soup version 0.17-a0-1508-ge7f3dc3 (webtiles) character file.

751 urechis the Covert (level 8, -1/48 HPs)
             Began as a Kobold Berserker on July 10, 2015.
             Was a Priest of Trog.
             Slain by Edmund
             ... wielding a +3 flail of protection
              (6 damage)
             ... on level 5 of the Dungeon.
             The game lasted 00:10:27 (4900 turns).

urechis the Covert (Kobold Berserker)               Turns: 4900, Time: 00:10:27

Health: -1/48      AC:  4    Str: 20    XL:     8   Next: 6%
Magic:  8/8        EV: 15    Int:  5    God:    Trog [***...]
Gold:   239        SH:  0    Dex: 18    Spells: 0 memorised, 7 levels left

rFire  . . .     SeeInvis .     j - +1 dagger (vamp)
rCold  + . .     Clarity  .     f - +0 leather armour
rNeg   . . .     SustAt   .     (shield restricted)
rPois  .         Gourm    .     (no helmet)
rElec  .         Spirit   .     (no cloak)
rCorr  .         Warding  .     m - +0 pair of gloves {archery}
rMut   .         Stasis   .     (no boots)
MR     .....                    (no amulet)
Stlth  +++++.....               (no ring)
                                i - ring of protection from cold

@: mighty, exhausted, not resistant to hostile enchantments, quite stealthy
A: carnivore 3
a: Burn Spellbooks, Berserk, Trog's Hand, Renounce Religion


You were on level 5 of the Dungeon.
You worshipped Trog.
Trog was most pleased with you.
You were not hungry.

You visited 1 branch of the dungeon, and saw 5 of its levels.

You collected 239 gold pieces.

Inventory:

Hand weapons
 j - a +1 vampiric dagger (weapon)
 t - a +0 rapier
Missiles
 l - 12 poisoned needles
 s - 2 throwing nets (quivered)
Armour
 f - a +0 leather armour (worn)
 m - a +0 pair of gloves of archery (worn)
Jewellery
 i - a ring of protection from cold (left hand)
 r - an uncursed amulet of stasis
Magical devices
 q - a wand of frost (16)
Scrolls
 a - 2 scrolls of teleportation {unknown}
 b - 4 scrolls of remove curse {unknown}
 h - 4 scrolls of identify {unknown}
 o - 2 scrolls of blinking {unknown}
 v - a scroll of fear {unknown}
Potions
 d - a potion of agility {unknown}
 e - 2 potions of might
 g - 2 potions of curing {unknown}
 k - 2 potions of cancellation {unknown}
 n - a potion of haste {unknown}
 p - a potion of heal wounds {unknown}
 u - 2 potions of flight {unknown}
Comestibles
 c - 2 meat rations


   Skills:
 + Level 4.6 Fighting
 + Level 5.5 Short Blades
 - Level 1.5 Armour
 - Level 2.4 Dodging
 - Level 10.1 Stealth


You had 7 spell levels left.
You didn't know any spells.

Dungeon Overview and Level Annotations

Branches:
Dungeon (5/15)
 Temple: D:4-7

Altars:
Cheibriados
Kikubaaqudgha
Nemelex Xobeh
Okawaru
Qazlal
Trog
The Shining One

Shops:
D:4 %

Annotations:
D:5 Edmund


Innate Abilities, Weirdness & Mutations

You are small and have problems with some larger weapons.
You are carnivorous and can eat meat at any time.


Message History

Edmund hits you with a flail of protection!
* * * LOW HITPOINT WARNING * * *
Drink which item? (? for menu, Esc to quit)
It was a potion of might.
You feel very mighty all of a sudden.
You hit Edmund.
You feel better.
Edmund is heavily wounded.
Edmund misses you.
You hit Edmund.
Edmund is heavily wounded.
Edmund hits you with a flail of protection.
* * * LOW HITPOINT WARNING * * *
You hit Edmund but do no damage.
Edmund is heavily wounded.
You hit Edmund but do no damage.
Edmund is heavily wounded.
Your skin stops crawling.
You feel less resistant to hostile enchantments.
Edmund hits you with a flail of protection.
You die...

#.##...##
#.#......
#..†(..(#
#........
###)###.#
##.......
#%....#
#.......
.......#(..#
#..#+###
.......#...##
##.#
.......#....+
#.#
.......#..@##
#.#
.......#!..@#
#..
####.########
#.


You could see Edmund.

Vanquished Creatures
  Sigmund (D:3)
  An ogre (D:5)
  A crimson imp (D:5)
  Crazy Yiuf (D:5)
  Ijyb (D:3)
  A gnoll shaman (D:4)
  2 hounds (D:4)
  An iguana (D:4)
  Jessica (D:3)
  Terence (D:3)
  A worker ant (D:4)
  7 gnolls
  6 adders
  2 oozes
  An adder skeleton (D:4)
  8 worms
  A giant gecko (D:4)
  2 orcs
  A ball python (D:4)
  6 goblins
  6 hobgoblins
  17 jackals
  4 kobolds
  11 bats
  5 giant cockroaches
  6 giant newts
  A quokka skeleton (D:5)
  6 rats
102 creatures vanquished.

Notes
Turn   | Place    | Note
--------------------------------------------------------------
     0 | D:1      | urechis the Kobold Berserker began the quest for the Orb.
     0 | D:1      | Reached XP level 1. HP: 14/14 MP: 1/1
    73 | D:1      | Reached skill level 1 in Stealth
   249 | D:1      | Reached XP level 2. HP: 16/19 MP: 2/2
   508 | D:1      | Reached XP level 3. HP: 21/23 MP: 3/3
   727 | D:2      | Acquired Trog's second power
  1444 | D:2      | Reached skill level 5 in Stealth
  1444 | D:2      | Reached XP level 4. HP: 22/28 MP: 4/4
  1644 | D:2      | Reached skill level 6 in Stealth
  1655 | D:2      | Reached XP level 5. HP: 24/32 MP: 5/5
  2136 | D:2      | Found an iron altar of Okawaru.
  2267 | D:2      | Found an ancient bone altar of Kikubaaqudgha.
  2680 | D:3      | Noticed Sigmund
  2693 | D:3      | Killed Sigmund
  2693 | D:3      | Reached skill level 8 in Stealth
  2693 | D:3      | Reached XP level 6. HP: 37/37 MP: 6/6
  2932 | D:3      | Noticed Ijyb
  2969 | D:3      | Killed Ijyb
  2969 | D:3      | Reached skill level 9 in Stealth
  3076 | D:3      | Noticed Jessica
  3085 | D:3      | Killed Jessica
  3111 | D:3      | Noticed Terence
  3121 | D:3      | Killed Terence
  3121 | D:3      | Reached XP level 7. HP: 41/41 MP: 7/7
  3353 | D:4      | Reached skill level 10 in Stealth
  3973 | D:4      | Found a snail-covered altar of Cheibriados.
  3973 | D:4      | Found a stormy altar of Qazlal.
  3974 | D:4      | Found a bloodstained altar of Trog.
  4013 | D:4      | Found a sparkling altar of Nemelex Xobeh.
  4151 | D:4      | Found Athramoap's Food Emporium.
  4195 | D:4      | Found a glowing golden altar of the Shining One.
  4642 | D:5      | Entered Level 5 of the Dungeon
  4724 | D:5      | Reached skill level 5 in Short Blades
  4816 | D:5      | Noticed Edmund
  4822 | D:5      | Noticed Crazy Yiuf
  4831 | D:5      | Killed Crazy Yiuf
  4831 | D:5      | Reached XP level 8. HP: 48/48 MP: 8/8
  4900 | D:5      | Slain by Edmund

Vault maps used:
D:1:      denvon_arrival_planthouse, hangedman_decor_slide_cut
D:2:      lemuel_coloured_pillars_altar, kiku_gazebo_garden_becter
D:3:      uniq_jessica, uniq_iyjb, uniq_terence, uniq_sigmund
D:4:      nicolae_overflow_crystal_walls, nicolae_overflow_quartered_altars,
          serial_shops, shop_statue
D:5:      first_bread, kennysheep_nondescript, uniq_edmund,
          uniq_crazy_yiuf_cottage

Action                   |  1- 3 |  4- 6 |  7- 9 || total
-------------------------+-------+-------+-------++-------
Melee: Short sword       |   105 |    98 |       ||   203
       Dagger            |       |    79 |   255 ||   334
       Rapier            |       |       |     1 ||     1
Invok: Berserk           |     4 |     2 |     4 ||    10
       Trog's Hand       |       |     2 |     5 ||     7
  Use: Potion            |       |       |     1 ||     1
 Stab: Sleeping          |     3 |    13 |     8 ||    24
       Distracted        |       |     2 |       ||     2
  Eat: Chunk             |    11 |    12 |    10 ||    33
